 Dungeon Sprint DCSS version 0.27-a0-550-ge92ec0ca06 (webtiles) character file.

Game seed: 9373450723520910390

202683 rocky1 the Metallomancer (level 18, -4/149 HPs)
             Began as an Octopode Earth Elementalist on Mar 8, 2021.
             Was the Champion of Sif Muna.
             Slain by Antaeus (72 damage)
             ... in the Dungeon (Sprint VII: "The Pits").
             The game lasted 01:44:12 (7713 turns).

rocky1 the Metallomancer (OpEE)                     Turns: 7713, Time: 01:44:13

Health: -4/149     AC:  5    Str:  8    XL:     18   Next: 59%
Magic:  36/60      EV: 25    Int: 45    God:    Sif Muna [******]
Gold:   206        SH: 22    Dex:  8    Spells: 6/58 levels left

rFire    + + +     SeeInvis +   b - +8 scimitar (holy)
rCold    + + +     Faith    .   q - +5 kite shield {reflect}
rNeg     + + +     Spirit   .   M - +2 hat
rPois    .         Reflect  +   N - amulet "Vuffeyma" {Reflect rF+ rN+ Will+++ Str-4 SH+5}
rElec    +         Harm     .   L - +6 ring of intelligence
rCorr    .         Rampage  .   w - ring of Sin {+Inv rElec rC+++ EV+6 Dex-4}
Will     +++..     NoTele   +   U - ring of Sodduoc {*Corrode rN+++ Will- Slay+5 SInv}
Stlth    +++++++...             X - ring of Secrets {Fire rN+ MP+9 Int+4}
HPRegen  0.34/turn              z - ring of Poinuvu {rF+ rC+ Int+7}
MPRegen  0.37/turn              Z - ring "Pafrait" {rF+ MP+9 Int+3}
                                I - +6 ring of protection
                                J - ring of Kymo {Wiz rF+ Str+4}

@: corroded
A: almost no armour, amphibious, 8 rings, constrict 8, camouflage 1, gelatinous
body 1, nimble swimmer 1
}: 1/3 runes: silver
a: Renounce Religion, Evoke Invisibility, Channel Magic, Forget Spell, Divine
Exegesis


You were in the Dungeon.
You worshipped Sif Muna.
Sif Muna was exalted by your worship.
You visited 1 branch You collected 206 gold pieces.

Inventory:

Hand Weapons
 a - the +9 demon blade "Puxyn" {freeze, rF+}
   (You found it in the Dungeon)

   It has been specially enchanted to freeze those struck by it, causing extra
   injury to most foes and up to half again as much damage against particularly
   susceptible opponents.
   It can also slow down cold-blooded creatures.
   It protects you from fire.
 b - a +8 scimitar of holy wrath (weapon)
 m - a +2 vorpal glaive
 p - a +0 great mace
 r - the +10 dagger of Jukkaleh {vorpal, Int+2 Dex+3}
   (You found it in the Dungeon)

   It inflicts extra damage upon your enemies.
   It affects your intelligence (+2).
   It affects your dexterity (+3).
 u - a +5 quick blade
Missiles
 G - 66 stones
Armour
 q - a +5 kite shield of reflection (worn)
 M - a +2 hat (worn)
Magical Staves
 K - a staff of death
Jewellery
 w - the ring of Sin (right tentacle) {+Inv rElec rC+++ EV+6 Dex-4}
   (You found it in the Dungeon)

   [ring of evasion]

   It affects your evasion (+6).
   It affects your dexterity (-4).
   It renders you almost immune to cold.
   It insulates you from electricity.
   It lets you turn invisible.
 z - the ring of Poinuvu (on tentacle) {rF+ rC+ Int+7}
   (You found it in the Dungeon)

   [ring of protection from cold]

   It affects your intelligence (+7).
   It protects you from fire.
   It protects you from cold.
 I - a +6 ring of protection (on tentacle)
 J - the ring of Kymo (on tentacle) {Wiz rF+ Str+4}
   (You found it in the Dungeon)

   [ring of wizardry]

   It improves your spell success rate.
   It affects your strength (+4).
   It protects you from fire.
 L - a +6 ring of intelligence (left tentacle)
 N - the amulet "Vuffeyma" (around mantle) {Reflect rF+ rN+ Will+++ Str-4 SH+5}
   (You found it in the Dungeon)

   [amulet of reflection]

   It shields you and reflects attacks.
   It affects your strength (-4).
   It protects you from fire.
   It protects you from negative energy.
   It affects your willpower, your defense against some magical effects.
   It affects your SH (+5).
 U - the ring of Sodduoc (on tentacle) {*Corrode rN+++ Will- Slay+5 SInv}
   (You found it in the Dungeon)

   [ring of slaying]

   It affects your accuracy and damage with ranged weapons and melee attacks
   (+5).
   It renders you almost immune to negative energy.
   It affects your willpower, your defense against some magical effects.
   It lets you see invisible.
   It may corrode you when you take damage.
 X - the ring of Secrets (on tentacle) {Fire rN+ MP+9 Int+4}
   (You found it in the Dungeon)

   [ring of fire]

   It enhances your fire magic.
   It affects your intelligence (+4).
   It protects you from fire.
   It makes you vulnerable to cold.
   It protects you from negative energy.
   It affects your magic capacity (+9).
 Z - the ring "Pafrait" (on tentacle) {rF+ MP+9 Int+3}
   (You found it in the Dungeon)

   [ring of magical power]

   It affects your intelligence (+3).
   It protects you from fire.
   It affects your magic capacity (+9).
Wands
 k - a wand of mindburst (15)
 l - a wand of paralysis (5)
Scrolls
 i - 2 scrolls of amnesia
 j - a scroll of summoning
 s - 6 scrolls of enchant armour
 t - 5 scrolls of identify
 y - 2 scrolls of fear
 D - 4 scrolls of fog
Potions
 c - 11 potions of curing
 d - 21 potions of heal wounds
 e - 8 potions of haste
 f - 4 potions of magic
 g - 6 potions of berserk rage
 h - a potion of attraction
 n - 8 potions of brilliance
 o - 5 potions of might
 C - a potion of flight
 E - 8 potions of mutation
 Q - 3 potions of invisibility
 R - a potion of resistance
Miscellaneous
 x - a condenser vane
 A - a phial of floods


   Skills:
 + Level 21.2 Fighting
 - Level 7.9 Long Blades
 + Level 22.1 Dodging
 - Level 16.4 Stealth
 - Level 15.3 Shields
 + Level 20.6 Spellcasting
 + Level 21.2 Conjurations
 - Level 13.1 Transmutations
 + Level 17.3 Fire Magic
 + Level 23.5 Earth Magic
 - Level 13.6 Invocations
 - Level 11.1 Evocations


You had 6 spell levels left.
You knew the following spells:

 Your Spells              Type           Power      Damage    Failure   Level
a - Iron Shot             Conj/Erth      64%        9d12      0%          6
b - Blink                 Tloc           N/A        N/A       1%          2
c - Lee's Rapid Deconstr  Erth           65%        3d31*     0%          5
d - Orb of Destruction    Conj           63%        9d17      1%          7
e - Lehudib's Crystal Sp  Conj/Erth      64%        10d15     1%          8
f - Statue Form           Tmut/Erth      79%        N/A       1%          6
g - Fire Storm            Conj/Fire      73%        8d18      6%          9
h - Shatter               Erth           65%        3d48*     1%          9

Your spell library contained the following spells:

 Spells                   Type           Power      Damage    Failure   Level
 Beastly Appendage        Tmut           100%       N/A       0%          1
 Foxfire                  Conj/Fire      100%       2x1d9     0%          1
 Magic Dart               Conj           100%       1d8       0%          1
 Sandblast                Erth           100%       2d20      0%          1
 Shock                    Conj/Air       100%       1d9       0%          1
 Passwall                 Tmut/Erth      99%        N/A       0%          2
 Searing Ray              Conj           100%       3d7       0%          2
 Wereblood                Tmut           100%       N/A       0%          2
 Conjure Flame            Conj/Fire      100%       6-21      0%          3
 Dazzling Flash           Conj/Hex       100%       N/A       0%          3
 Ignite Poison            Fire/Tmut/Pois 100%       N/A       0%          3
 Static Discharge         Conj/Air       97%        N/A       0%          3
 Stone Arrow              Conj/Erth      100%       3d13      0%          3
 Petrify                  Tmut/Erth      100%       N/A       0%          4
 Sticky Flame             Conj/Fire      100%       2d11      0%          4
 Bolt of Magma            Conj/Fire/Erth 74%        4d28      0%          5
 Fireball                 Conj/Fire      73%        3d27      0%          5
 Irradiate                Conj/Tmut      58%        3d33      0%          5
 Iskenderun's Battlesphe  Conj           100%       2d15      0%          5
 Starburst                Conj/Fire      73%        8x6d19    0%          6
 Animate Skeleton         Necr           92%        N/A       1%          1
 Apportation              Tloc           92%        N/A       1%          1
 Corona                   Hex            51%        N/A       1%          1
 Freeze                   Ice            100%       1d11      1%          1
 Pain                     Necr           100%       1d9       1%          1
 Sting                    Tmut/Pois      100%       1d8       1%          1
 Summon Small Mammal      Summ           100%       N/A       1%          1
 Call Imp                 Summ           46%        N/A       1%          2
 Corpse Rot               Necr/Air       N/A        N/A       1%          2
 Ensorcelled Hibernation  Hex/Ice        92%        N/A       1%          2
 Poisonous Vapours        Pois/Air       92%        N/A       1%          2
 Slow                     Hex            46%        N/A       1%          2
 Sublimation of Blood     Necr           23%        N/A       1%          2
 Swiftness                Air            46%        N/A       1%          2
 Call Canine Familiar     Summ           46%        N/A       1%          3
 Confusing Touch          Hex            46%        N/A       1%          3
 Frozen Ramparts          Ice            92%        1d11      1%          3
 Gell's Gravitas          Tloc           23%        N/A       1%          3
 Inner Flame              Hex/Fire       100%       N/A       1%          3
 Lesser Beckoning         Tloc           23%        N/A       1%          3
 Mephitic Cloud           Conj/Pois/Air  83%        N/A       1%          3
 Ozocubu's Armour         Ice            46%        N/A       1%          3
 Portal Projectile        Hex/Tloc       92%        N/A       1%          3
 Spider Form              Tmut/Pois      40%        N/A       1%          3
 Summon Guardian Golem    Hex/Summ       46%        N/A       1%          3
 Teleport Other           Tloc           46%        N/A       1%          3
 Tukima's Dance           Hex            46%        N/A       1%          3
 Vampiric Draining        Necr           23%        2d9       1%          3
 Airstrike                Air            23%        N/A       1%          4
 Animate Dead             Necr           23%        N/A       1%          4
 Cause Fear               Hex            23%        N/A       1%          4
 Dispel Undead            Necr           46%        3d18      1%          4
 Fulminant Prism          Conj/Hex       48%        3d21      1%          4
 Hailstorm                Conj/Ice       97%        3d19      1%          4
 Ice Form                 Ice/Tmut       81%        N/A       1%          4
 Iskenderun's Mystic Bla  Conj/Tloc      97%        2d19      1%          4
 Leda's Liquefaction      Hex/Erth       50%        N/A       1%          4
 Manifold Assault         Tloc           46%        N/A       1%          4
 Olgreb's Toxic Radiance  Pois           46%        N/A       1%          4
 Passage of Golubria      Tloc           N/A        N/A       1%          4
 Summon Ice Beast         Ice/Summ       46%        N/A       1%          4
 Summon Lightning Spire   Summ/Air       46%        N/A       1%          4
 Alistair's Intoxication  Tmut/Pois      54%        N/A       1%          5
 Blade Hands              Tmut           52%        N/A       1%          5
 Borgnjor's Vile Clutch   Necr/Erth      50%        N/A       1%          5
 Lightning Bolt           Conj/Air       48%        1d69      1%          5
 Yara's Violent Unravell  Hex/Tmut       40%        3d16      1%          5
 Conjure Ball Lightning   Conj/Air       48%        3x3d17    1%          6
 Eringya's Noxious Bog    Tmut/Pois      40%        N/A       1%          6
 Freezing Cloud           Conj/Ice/Air   41%        6-21      1%          6
 Hydra Form               Tmut           52%        N/A       1%          6
 Agony                    Necr           46%        N/A       4%          5
 Excruciating Wounds      Necr           23%        N/A       4%          5
 Metabolic Englaciation   Hex/Ice        23%        N/A       4%          5
 Silence                  Hex/Air        23%        N/A       4%          5
 Summon Forest            Summ/Tloc      23%        N/A       4%          5
 Summon Mana Viper        Hex/Summ       46%        N/A       4%          5
 Death Channel            Necr           23%        N/A       26%         6
 Dispersal                Tloc           23%        N/A       26%         6
 Invisibility             Hex            46%        N/A       26%         6
 Shadow Creatures         Summ           N/A        N/A       26%         6
 Simulacrum               Ice/Necr       23%        N/A       26%         6
 Dragon Form              Tmut           52%        N/A       1%          7
 Spellforged Servitor     Conj/Summ      48%        N/A       1%          7
 Ignition                 Fire           70%        3d19      1%          8
 Chain Lightning          Conj/Air       48%        N/A       14%         8
 Necromutation            Tmut/Necr      40%        N/A       56%         8
 Haunt                    Necr/Summ      23%        N/A       78%         7
 Malign Gateway           Summ/Tloc      23%        N/A       78%         7
 Monstrous Menagerie      Summ           23%        N/A       78%         7
 Ozocubu's Refrigeration  Ice            23%        4d9       78%         7
 Summon Hydra             Summ           23%        N/A       78%         7
 Borgnjor's Revivificati  Necr           23%        N/A       100%        8
 Discord                  Hex            23%        N/A       100%        8
 Disjunction              Tloc           23%        N/A       100%        8
 Infestation              Necr           23%        N/A       100%        8
 Summon Horrible Things   Summ           23%        N/A       100%        8
 Absolute Zero            Ice            23%        ∞         100%        9
 Death's Door             Necr           23%        N/A       100%        9
 Dragon's Call            Summ           23%        N/A       100%        9
 Tornado                  Air            23%        N/A       100%        9


Dungeon Overview and Level Annotations

Branches:
Dungeon (1/1)

Altars:
Ashenzari
Cheibriados
Dithmenos
Elyvilon
Fedhas
Gozag
Hepliaklqana
Kikubaaqudgha
Makhleb
Nemelex Xobeh
Okawaru
Qazlal
Ru
Sif Muna
Trog
Uskayaw
Vehumet
Wu Jian
Xom
Yredelemnul
Zin
The Shining One
Beogh
Jiyva
Lugonu

Annotations:
D Antaeus


Innate Abilities, Weirdness & Mutations

You cannot wear most types of armour.
You are amphibious.
You can wear up to eight rings at the same time.
You can use your tentacles to constrict eight enemies at once.
Your skin changes colour to match your surroundings (Stealth+).
Your rubbery body absorbs attacks. (AC +1, EV +1)
You are stealthy while swimming. (Stealth+)


Message History

The flash freeze misses you.
Casting: Lehudib's Crystal Spear (mildly dangerous; 1% risk of failure)
Confirm with . or Enter, or press ? or * to list all spells.
Aiming: Lehudib's Crystal Spear (mildly dangerous; 1% risk of failure)
Press: ? - help, Shift-Dir - straight line, f/p - Antaeus
Aim: Antaeus (moderately wounded, 4% to evade)
The crystal spear hits Antaeus!!!!
Antaeus is heavily wounded.
Unknown command.
Casting: Lehudib's Crystal Spear (mildly dangerous; 1% risk of failure)
Confirm with . or Enter, or press ? or * to list all spells.
Aiming: Lehudib's Crystal Spear (mildly dangerous; 1% risk of failure)
Press: ? - help, Shift-Dir - straight line, f/p - Antaeus
Aim: Antaeus (heavily wounded, 4% to evade)
The crystal spear hits Antaeus!!!
Antaeus is heavily wounded.
Unknown command.
Casting: Lehudib's Crystal Spear (mildly dangerous; 1% risk of failure)
Confirm with . or Enter, or press ? or * to list all spells.
Aiming: Lehudib's Crystal Spear (mildly dangerous; 1% risk of failure)
Press: ? - help, Shift-Dir - straight line, f/p - Antaeus
Aim: Antaeus (heavily wounded, 4% to evade)
The crystal spear hits Antaeus!!!
Antaeus is severely wounded.
You block Antaeus's attack. Antaeus hits you! Antaeus freezes you! You resist.
Casting: Lehudib's Crystal Spear (mildly dangerous; 1% risk of failure)
Confirm with . or Enter, or press ? or * to list all spells.
Aiming: Lehudib's Crystal Spear (mildly dangerous; 1% risk of failure)
Press: ? - help, Shift-Dir - straight line, f/p - Antaeus
Aim: Antaeus (severely wounded, 4% to evade)
The crystal spear hits Antaeus!!!!
Antaeus is severely wounded.
You block Antaeus's attack. Antaeus hits you! Antaeus freezes you! You resist.
Your corrosive artefact corrodes you!
Casting: Lehudib's Crystal Spear (mildly dangerous; 1% risk of failure)
Confirm with . or Enter, or press ? or * to list all spells.
You don't have enough magic to cast this spell.
Unknown command.
Magic courses through your body. Antaeus hits you!!!!
You die...

..#).#.....#..#*+*
).....).......#*,*
...[))........#*+*
....#......####*,*
.))))#........##+#
.))).#........##.#
#####.##.#.#####'#
#########.######C#
..............[.@#
.............)[[.#
)##############[.#
[).#[[[[#[[#[[#..#
...##''##[[#[[#..#
...#....#.....#[.#
)###....####..#..#
)).........'..#.(#
))......####..#..#


You could see Antaeus.

Vanquished Creatures
  An ancient lich (D)
  A Killer Klown (D)
  the Lernaean hydra (D)
  Margery (D)
  Jory (D)
  A golden dragon (D)
  A pearl dragon (D)
  2 bone dragons (D)
  An electric golem (D)
  A tentacled monstrosity (D)
  A deep elf blademaster (D)
  A lich (D)
  A quicksilver dragon (D)
  2 deep elf master archers (D)
  An acid blob (D)
  2 Executioners (D)
  4 sphinxes (D)
  A titan (D)
  2 shadow dragons (D)
  3 draconian monks (D)
  Polyphemus (D)
  2 storm dragons (D)
  Donald (D)
  An azure jelly (D)
  A nagaraja (D)
  A daeva (D)
  3 fire giants (D)
  3 orc warlords (D)
  A ghost moth (D)
  2 deep elf sorcerers (D)
  A frost giant (D)
  Aizul (D)
  A balrug (D)
  Louise (D)
  4 draconian shifters (D)
  A spriggan defender (D)
  A draconian stormcaller (D)
  A stone giant (D)
  2 ghouls (D)
  A vampire knight (D)
  A draconian annihilator (D)
  An ophan (D)
  A war gargoyle (D)
  An apis (D)
  A minotaur (D)
  5 deep elf demonologists (D)
  2 green draconians (D)
  A deep elf annihilator (D)
  5 dire elephants (D)
  A purple draconian (D)
  A yellow draconian (D)
  A white draconian (D)
  2 green deaths (D)
  A death ooze (D)
  2 deep elf death magi (D)
  An eidolon (D)
  5 fire dragons (D)
  2 ettins (D)
  A merfolk impaler (D)
  A deep elf high priest (D)
  3 great orbs of eyes (D)
  2 yaktaur captains (D)
  2 naga warriors (D)
  A vault guard (D)
  6 hydras (D)
  A hell beast (D)
  A spriggan air mage (D)
  5 catoblepae (D)
  2 anacondas (D)
  An ogre mage (D)
  6 ice dragons (D)
  A death knight (D)
  2 dancing weapons (D)
  A death yak (D)
  3 hell hogs (D)
  2 vampire magi (D)
  9 hell knights (D)
  A soul eater (D)
  An iron troll (D)
  A sixfirhy (D)
  A shadow wraith (D)
  An unseen horror (D)
  4 deep elf knights (D)
  A death drake (D)
  7 swamp dragons (D)
  A flayed ghost (D)
  A cherub (D)
  A deep troll (shapeshifter) (D)
  2 necromancers (D)
  A phantasmal warrior (D)
  4 wizards (D)
  7 lindwurms (D)
  A bog body (D)
  10 orc knights (D)
  An orc sorcerer (D)
  2 ugly things (D)
  A mana viper (shapeshifter) (D)
  A cyclops (D)
  2 manticores (D)
  2 eyes of devastation (D)
  An orange demon (D)
  4 rime drakes (D)
  11 yaktaurs (D)
  2 freezing wraiths (D)
  8 komodo dragons (D)
  2 demonic crawlers (D)
  2 tormentors (D)
  2 ice devils (D)
  A hellwing (D)
  A wandering mushroom (D)
  A tyrant leech (shapeshifter) (D)
  2 merfolk (D)
  A troll (D)
  2 polar bears (D)
  3 hornets (D)
  2 tyrant leeches (D)
  3 slime creatures (D)
  4 blink frogs (D)
  A redback (D)
  An air elemental (D)
  4 spriggans (D)
  2 vampires (D)
  A shadow (D)
  A small abomination (D)
  A wyvern (D)
  A ynoxinul (D)
  6 basilisks (D)
  2 water elementals (D)
  A fire bat (D)
  Grum (D)
  2 steam dragons (D)
  3 acid dragons (D)
  A water moccasin (D)
  A floating eye (shapeshifter) (D)
  7 orc warriors (D)
  2 floating eyes (D)
  A black bear (D)
  4 swamp drakes (D)
  An eye of draining (D)
  Purgy (D)
  A sky beast (D)
  9 wolves (D)
  An ogre (D)
  A phantom (D)
  2 kobold brigands (D)
  4 wights (D)
  A quasit (D)
  A jelly (D)
  3 orc priests (D)
  2 gnoll shamans (D)
  3 iguanas (D)
  3 orc wizards (D)
  3 worker ants (D)
  9 gnolls (D)
  A river rat (D)
  An ooze (D)
  An adder skeleton (D)
  10 orcs (D)
  A bat (D)
  A hobgoblin (D)
  3 frilled lizards (D)
  A giant cockroach simulacrum (D)
  A goblin (D)
  A jackal simulacrum (D)
  A rat (D)
359 creatures vanquished.

Vanquished Creatures (others)
  A fire giant (D)
  A death knight (D)
  A shadow (D)
  24 fire vortices (D)
27 creatures vanquished.

Grand Total: 386 creatures vanquished

Notes
Turn   | Place    | Note
-------+----------+-------------------------------------------
     0 | D        | rocky1 the Octopode Earth Elementalist began the quest for
                  | the Orb.
     0 | D        | Reached XP level 1. HP: 11/11 MP: 3/3
    11 | D        | Noticed a worker ant
    17 | D        | Killed a worker ant
    18 | D        | Reached skill level 6 in Earth Magic
    18 | D        | Reached XP level 2. HP: 11/17 MP: 1/5
   130 | D        | Found a bloodstained altar of Trog.
   130 | D        | Found a shimmering blue altar of Sif Muna.
   130 | D        | Found a viscous altar of Jiyva.
   130 | D        | Found a hazy altar of Hepliaklqana.
   130 | D        | Found an opulent altar of Gozag.
   131 | D        | Found a glowing golden altar of the Shining One.
   131 | D        | Found a glowing silver altar of Zin.
   131 | D        | Found a basalt altar of Yredelemnul.
   131 | D        | Found a shimmering altar of Xom.
   131 | D        | Found an ornate altar of the Wu Jian Council.
   131 | D        | Found a sacrificial altar of Ru.
   131 | D        | Found a stormy altar of Qazlal.
   131 | D        | Found an iron altar of Okawaru.
   131 | D        | Found a sparkling altar of Nemelex Xobeh.
   131 | D        | Found a burning altar of Makhleb.
   131 | D        | Found a blossoming altar of Fedhas.
   131 | D        | Found a white marble altar of Elyvilon.
   131 | D        | Found a shadowy altar of Dithmenos.
   131 | D        | Found a snail-covered altar of Cheibriados.
   134 | D        | Found a corrupted altar of Lugonu.
   134 | D        | Found a radiant altar of Vehumet.
   135 | D        | Found an ancient bone altar of Kikubaaqudgha.
   135 | D        | Found a hide-covered altar of Uskayaw.
   135 | D        | Found a broken altar of Ashenzari.
   136 | D        | Became a worshipper of Sif Muna the Loreminder
   177 | D        | Reached XP level 3. HP: 13/21 MP: 6/6
   308 | D        | Reached * piety under Sif Muna
   311 | D        | Reached skill level 7 in Earth Magic
   439 | D        | Noticed a floating eye
   440 | D        | Noticed a floating eye
   440 | D        | Noticed Purgy
   441 | D        | Paralysed by a floating eye for 3 turns
   446 | D        | Paralysed by a floating eye for 3 turns
   454 | D        | Paralysed by a floating eye for 2 turns
   457 | D        | Killed a floating eye
   458 | D        | Reached skill level 10 in Earth Magic
   458 | D        | Reached XP level 4. HP: 27/27 MP: 7/7
   458 | D        | Reached XP level 5. HP: 31/31 MP: 8/8
   464 | D        | Learned a level 5 spell: Lee's Rapid Deconstruction
   472 | D        | Killed Purgy
   472 | D        | Reached ** piety under Sif Muna
   473 | D        | Reached skill level 11 in Earth Magic
   473 | D        | Reached XP level 6. HP: 41/41 MP: 3/10
   478 | D        | Paralysed by a floating eye for 4 turns
   484 | D        | Killed a floating eye
   673 | D        | Learned a level 3 spell: Stone Arrow
   678 | D        | Learned a level 4 spell: Petrify
   688 | D        | Reached *** piety under Sif Muna
   694 | D        | Reached **** piety under Sif Muna
   696 | D        | Reached skill level 5 in Dodging
   696 | D        | Reached skill level 5 in Invocations
   696 | D        | Reached XP level 7. HP: 49/49 MP: 12/14
   698 | D        | Reached skill level 5 in Spellcasting
   698 | D        | Reached ***** piety under Sif Muna
   698 | D        | Received a gift from Sif Muna
   699 | D        | Reached skill level 5 in Fighting
  1058 | D        | Reached skill level 12 in Earth Magic
  1064 | D        | Reached XP level 8. HP: 57/57 MP: 6/16
  1083 | D        | Received a gift from Sif Muna
  1086 | D        | Killed a shadow wraith
  1301 | D        | Noticed a hellwing
  1302 | D        | Noticed a manticore
  1307 | D        | Reached XP level 9. HP: 45/64 MP: 7/19
  1307 | D        | Killed a hellwing
  1308 | D        | Reached skill level 1 in Conjurations
  1308 | D        | Killed a manticore
  1414 | D        | Reached skill level 5 in Stealth
  1481 | D        | Identified Sif Muna's Guide on Battle Magic (Sif Muna
                  | gifted it to you in the Dungeon)
  1481 | D        | Received a gift from Sif Muna
  1482 | D        | Reached skill level 13 in Earth Magic
  1542 | D        | Noticed a polar bear
  1542 | D        | Noticed a lindwurm
  1547 | D        | Killed a polar bear
  1549 | D        | Killed a lindwurm
  1550 | D        | Reached XP level 10. HP: 30/73 MP: 20/22
  1772 | D        | Identified Sif Muna's Tome of the Blaze and Transmutation
                  | (Sif Muna gifted it to you in the Dungeon)
  1772 | D        | Received a gift from Sif Muna
  1777 | D        | Noticed a cyclops
  1779 | D        | Noticed Grum
  1782 | D        | Killed a cyclops
  1782 | D        | Identified Sif Muna's Disquisition on Curses and Lightness
                  | (Sif Muna gifted it to you in the Dungeon)
  1782 | D        | Received a gift from Sif Muna
  1783 | D        | Reached skill level 5 in Transmutations
  1783 | D        | Killed Grum
  1784 | D        | Reached skill level 5 in Conjurations
  1785 | D        | Reached skill level 10 in Invocations
  1788 | D        | Reached ****** piety under Sif Muna
  2070 | D        | Noticed Donald
  2085 | D        | Noticed an eidolon
  2117 | D        | Killed Donald
  2118 | D        | Reached skill level 10 in Dodging
  2118 | D        | Reached XP level 11. HP: 38/81 MP: 17/24
  2119 | D        | Received a gift from Sif Muna
  2124 | D        | Killed an eidolon
  2125 | D        | Reached skill level 10 in Fighting
  2125 | D        | Reached skill level 14 in Earth Magic
  2465 | D        | Noticed a lindwurm
  2465 | D        | Noticed a lindwurm
  2475 | D        | Reached skill level 10 in Stealth
  2475 | D        | Reached skill level 1 in Shields
  2476 | D        | Killed a lindwurm
  2476 | D        | Identified Sif Muna's Collected Works on Supportive
                  | Envenoming (Sif Muna gifted it to you in the Dungeon)
  2476 | D        | Received a gift from Sif Muna
  2477 | D        | Killed a lindwurm
  2495 | D        | Noticed a vampire mage
  2498 | D        | Killed a vampire mage
  2498 | D        | Received a gift from Sif Muna
  2499 | D        | Reached skill level 10 in Spellcasting
  2813 | D        | Learned a level 6 spell: Iron Shot
  3051 | D        | Noticed a manticore
  3053 | D        | Killed a manticore
  3053 | D        | Noticed Aizul
  3056 | D        | Noticed a death yak
  3059 | D        | Killed Aizul
  3064 | D        | Killed a death yak
  3065 | D        | Reached XP level 12. HP: 58/89 MP: 21/26
  3084 | D        | Noticed a great orb of eyes
  3086 | D        | Paralysed by a great orb of eyes for 6 turns
  3093 | D        | Killed a great orb of eyes
  3093 | D        | Identified Osusegab's Disquisition on Evil (Sif Muna gifted
                  | it to you in the Dungeon)
  3093 | D        | Received a gift from Sif Muna
  3372 | D        | Noticed a five-headed hydra
  3376 | D        | Killed a five-headed hydra
  3377 | D        | Reached skill level 5 in Shields
  3379 | D        | Identified Sif Muna's Papyrus of Transmutation (Sif Muna
                  | gifted it to you in the Dungeon)
  3379 | D        | Received a gift from Sif Muna
  3584 | D        | Learned a level 6 spell: Statue Form
  3646 | D        | Noticed a minotaur
  3646 | D        | Noticed a green draconian
  3646 | D        | Noticed a shadow dragon
  3648 | D        | Killed a minotaur
  3648 | D        | Identified Sif Muna's Catalogue of Snow and Conjuration
                  | (Sif Muna gifted it to you in the Dungeon)
  3648 | D        | Received a gift from Sif Muna
  3649 | D        | Reached skill level 15 in Earth Magic
  3650 | D        | Killed a shadow dragon
  3650 | D        | Killed a green draconian
  3704 | D        | Noticed a death knight
  3704 | D        | Noticed a great orb of eyes
  3705 | D        | Killed a merfolk impaler
  3705 | D        | Identified Sif Muna's Compendium of Blistering Shape
                  | Shifting (Sif Muna gifted it to you in the Dungeon)
  3705 | D        | Received a gift from Sif Muna
  3706 | D        | Killed a great orb of eyes
  3707 | D        | Reached XP level 13. HP: 97/97 MP: 8/28
  3707 | D        | Noticed a yellow draconian
  3708 | D        | Reached skill level 10 in Transmutations
  3708 | D        | Noticed a great orb of eyes
  3711 | D        | Reached skill level 10 in Conjurations
  3712 | D        | Identified Sif Muna's Tome of Attacks and Changing (Sif
                  | Muna gifted it to you in the Dungeon)
  3712 | D        | Received a gift from Sif Muna
  3713 | D        | Killed an ettin
  3714 | D        | Killed a yellow draconian
  3714 | D        | Killed a great orb of eyes
  3715 | D        | Identified Sif Muna's Incunabulum of Black Arts and the
                  | Oath (Sif Muna gifted it to you in the Dungeon)
  3715 | D        | Received a gift from Sif Muna
  3909 | D        | Got the ring of Poinuvu {rF+ rC+ Int+7}
  4034 | D        | Noticed Polyphemus
  4039 | D        | Reached skill level 1 in Evocations
  4039 | D        | Noticed a deep elf sorcerer
  4040 | D        | Killed Polyphemus
  4040 | D        | Noticed a deep elf master archer
  4041 | D        | Reached skill level 16 in Earth Magic
  4041 | D        | Killed a deep elf sorcerer
  4041 | D        | Identified Sif Muna's Disquisition on Flight and the
                  | Arsonist (Sif Muna gifted it to you in the Dungeon)
  4041 | D        | Received a gift from Sif Muna
  4043 | D        | Noticed a sphinx
  4044 | D        | Killed a deep elf master archer
  4051 | D        | Killed a sphinx
  4062 | D        | Reached XP level 14. HP: 106/106 MP: 20/30
  4066 | D        | Identified Sif Muna's Volume of the Torrid Mountains (Sif
                  | Muna gifted it to you in the Dungeon)
  4066 | D        | Received a gift from Sif Muna
  4067 | D        | Reached skill level 5 in Evocations
  4089 | D        | Noticed a white draconian
  4097 | D        | Noticed a purple draconian monk
  4103 | D        | Reached skill level 10 in Shields
  4107 | D        | Killed a white draconian
  4109 | D        | Killed a purple draconian monk
  4109 | D        | Identified Tuiqapif's Catalogue of Calling and Attacks (Sif
                  | Muna gifted it to you in the Dungeon)
  4109 | D        | Received a gift from Sif Muna
  4205 | D        | Noticed an orc warlord
  4209 | D        | Noticed the 27-headed Lernaean hydra
  4211 | D        | Killed the 27-headed Lernaean hydra
  4211 | D        | Identified Sif Muna's Guide on Translocation (Sif Muna
                  | gifted it to you in the Dungeon)
  4211 | D        | Received a gift from Sif Muna
  4212 | D        | Reached skill level 17 in Earth Magic
  4224 | D        | Killed an orc warlord
  4224 | D        | Identified Sif Muna's Incunabulum of Creative Battle Magic
                  | (Sif Muna gifted it to you in the Dungeon)
  4224 | D        | Received a gift from Sif Muna
  4245 | D        | Noticed an Executioner
  4249 | D        | Killed an Executioner
  4249 | D        | Identified Sif Muna's Tome of the Burning Frostbite (Sif
                  | Muna gifted it to you in the Dungeon)
  4249 | D        | Received a gift from Sif Muna
  4261 | D        | Learned a level 9 spell: Fire Storm
  4286 | D        | Noticed a fire giant
  4292 | D        | Killed a fire giant
  4412 | D        | Reached skill level 15 in Dodging
  4419 | D        | Noticed a war gargoyle
  4430 | D        | Killed a war gargoyle
  4436 | D        | Identified Sif Muna's Handbook of Poisoning and Evil Rites
                  | (Sif Muna gifted it to you in the Dungeon)
  4436 | D        | Received a gift from Sif Muna
  4574 | D        | Noticed a spriggan defender
  4574 | D        | Noticed a fire giant
  4575 | D        | Noticed Louise
  4576 | D        | Noticed Jory
  4578 | D        | Noticed a dire elephant
  4585 | D        | Reached XP level 15. HP: 114/114 MP: 27/33
  4588 | D        | Killed a fire giant
  4589 | D        | Reached skill level 10 in Evocations
  4595 | D        | Killed Jory
  4599 | D        | Killed Louise
  4600 | D        | Reached skill level 18 in Earth Magic
  4600 | D        | Noticed a green draconian monk
  4604 | D        | Killed a green draconian monk
  4811 | D        | Identified Reegaegi's Catalogue of Cold and the Mountains
                  | (Sif Muna gifted it to you in the Dungeon)
  4811 | D        | Received a gift from Sif Muna
  5122 | D        | Noticed a lich
  5125 | D        | Killed a lich
  5125 | D        | Noticed a purple draconian monk
  5129 | D        | Noticed a sphinx
  5131 | D        | Killed a sphinx
  5132 | D        | Killed a purple draconian monk
  5133 | D        | Reached skill level 15 in Spellcasting
  5134 | D        | Received a gift from Sif Muna
  5134 | D        | Killed a green draconian stormcaller
  5136 | D        | Noticed a black draconian shifter
  5136 | D        | Noticed a yellow draconian shifter
  5140 | D        | Killed a yellow draconian shifter
  5141 | D        | Reached skill level 5 in Fire Magic
  5141 | D        | Noticed an ancient lich
  5145 | D        | Reached skill level 15 in Conjurations
  5145 | D        | Killed an ancient lich
  5146 | D        | Reached skill level 19 in Earth Magic
  5146 | D        | Noticed a sphinx
  5152 | D        | Killed a sphinx
  5155 | D        | Reached XP level 16. HP: 120/120 MP: 31/35
  5155 | D        | Identified Sif Muna's Compendium of the Frostbite and
                  | Ignition (Sif Muna gifted it to you in the Dungeon)
  5155 | D        | Received a gift from Sif Muna
  5243 | D        | Reached skill level 15 in Shields
  5246 | D        | Noticed a bone dragon
  5292 | D        | Identified Sif Muna's Grimoire of the Oath and Air (Sif
                  | Muna gifted it to you in the Dungeon)
  5292 | D        | Received a gift from Sif Muna
  5295 | D        | Killed a bone dragon
  5390 | D        | Got the Grimoire of Shape Shifting
  5403 | D        | Got the Catalogue of the Igneous Glacier
  5408 | D        | Got the Grimoire of Beguiling and Conjuration
  5413 | D        | Got Sif Muna's Incunabulum of the Escort
  5456 | D        | Got the ring of Moodiness {rF+ SInv}
  5458 | D        | Got the amulet of Halibra {Faith rF+}
  5460 | D        | Got the ring "Veinom" {Fire Will+ Dex+2}
  5462 | D        | Got the amulet "Vuffeyma" {Reflect rF+ rN+ Will+++ Str-4
                  | SH+5}
  5464 | D        | Got the amulet "Lopnanae" {rElec Regen+}
  5466 | D        | Got the ring "Guhaoc" {rN+ AC+4}
  5468 | D        | Got the amulet of Xom's Entertainment {+Fly Regen+ Int+8
                  | Stlth-}
  5470 | D        | Got the amulet of Jeschit {Faith rF+ SInv Stlth+}
  5472 | D        | Got the amulet "Viofel" {Spirit rF+}
  5474 | D        | Got the ring of Vyurau {Wiz +Fly rC+ Stlth-}
  5476 | D        | Got the ring of Sodduoc {*Corrode rN+++ Will- Slay+5 SInv}
  5478 | D        | Got the amulet of Japt {Spirit rF++ Int+5 Stlth+}
  5480 | D        | Got the amulet of Dogma {Reflect rC+ Dex+4 SH+5}
  5492 | D        | Got the ring of Secrets {Fire rN+ MP+9 Int+4}
  5494 | D        | Got the ring "Lept" {Will+ Int-5 Dex+5}
  5496 | D        | Got the ring of Cajanam {rPois rF+ Str+2}
  5573 | D        | Got a ring "Niwnew" {Ice rElec rN+ Str-2}
  5577 | D        | Got the ring "Zaneqol" {rPois rF++ Stlth-}
  5579 | D        | Got the ring "Bisil" {Will+ EV+6}
  5581 | D        | Got the ring of the Firefly {Str+6 Int+4}
  5584 | D        | Got the ring "Ecvus" {Str+6 Int+3 Dex+3}
  5586 | D        | Got the ring of Sin {+Inv rElec rC+++ EV+6 Dex-4}
  5588 | D        | Got the ring of Amorality {Will+ Int+3}
  5590 | D        | Got the ring of Cisuirumiw {rF+ Will++}
  5593 | D        | Got the ring of Kymo {Wiz rF+ Str+4}
  5687 | D        | Learned a level 8 spell: Lehudib's Crystal Spear
  5695 | D        | Learned a level 7 spell: Orb of Destruction
  5695 | D        | Noticed Antaeus
  5792 | D        | Noticed a golden dragon
  5793 | D        | Found the +8 whip "Snakebite" {curare, rPois}
  5793 | D        | Found the +5 robe of Misfortune {*Contam Harm *Corrode
                  | *Drain *Slow EV+5}
  5794 | D        | Identified Sif Muna's Collected Works on Flames and
                  | Conjuration (Sif Muna gifted it to you in the Dungeon)
  5794 | D        | Received a gift from Sif Muna
  5794 | D        | Identified Sif Muna's Tome of Ashen Changing (Sif Muna
                  | gifted it to you in the Dungeon)
  5794 | D        | Received a gift from Sif Muna
  5795 | D        | Reached skill level 15 in Fighting
  5795 | D        | Reached skill level 10 in Fire Magic
  5795 | D        | Reached skill level 20 in Earth Magic
  5795 | D        | Identified Sif Muna's Handbook of Quantum Heat (Sif Muna
                  | gifted it to you in the Dungeon)
  5795 | D        | Received a gift from Sif Muna
  5797 | D        | Reached skill level 5 in Long Blades
  5874 | D        | Received a gift from Sif Muna
  5878 | D        | Reached skill level 15 in Stealth
  5881 | D        | Killed a golden dragon
  5881 | D        | Identified Jolouras's Guide on Excruciating Earth (Sif Muna
                  | gifted it to you in the Dungeon)
  5881 | D        | Received a gift from Sif Muna
  5893 | D        | Identified Sif Muna's Grimoire of Attacks (Sif Muna gifted
                  | it to you in the Dungeon)
  5893 | D        | Received a gift from Sif Muna
  5902 | D        | Reached XP level 17. HP: 132/132 MP: 11/38
  5963 | D        | Identified Sif Muna's Compendium of Moulding and Hexes (Sif
                  | Muna gifted it to you in the Dungeon)
  5963 | D        | Received a gift from Sif Muna
  6049 | D        | Got a silver rune of Zot
  6197 | D        | Noticed Margery
  6197 | D        | Noticed a bone dragon
  6207 | D        | Reached skill level 21 in Earth Magic
  6209 | D        | Received a gift from Sif Muna
  6210 | D        | Killed Margery
  6211 | D        | Noticed a titan
  6212 | D        | Killed a bone dragon
  6212 | D        | Received a gift from Sif Muna
  6218 | D        | Killed a titan
  6260 | D        | Received a gift from Sif Muna
  6277 | D        | Noticed an Executioner
  6280 | D        | Killed an Executioner
  6461 | D        | Noticed an electric golem
  6461 | D        | Noticed a quicksilver dragon
  6469 | D        | Killed an electric golem
  6469 | D        | Killed a quicksilver dragon
  6679 | D        | Noticed a deep elf blademaster
  6683 | D        | Killed a deep elf blademaster
  6684 | D        | Reached skill level 22 in Earth Magic
  6798 | D        | Learned a level 2 spell: Blink
  6808 | D        | Learned a level 9 spell: Shatter
  6819 | D        | Noticed a tentacled monstrosity
  6823 | D        | Noticed a Killer Klown
  6825 | D        | Noticed an acid blob
  6826 | D        | Noticed a sphinx
  6827 | D        | Reached skill level 15 in Fire Magic
  6827 | D        | Noticed a deep elf master archer
  6831 | D        | Killed a deep elf master archer
  6832 | D        | Killed a tentacled monstrosity
  6832 | D        | Killed a Killer Klown
  6833 | D        | Reached XP level 18. HP: 132/145 MP: 18/41
  6836 | D        | Noticed a pearl dragon
  6843 | D        | Killed a pearl dragon
  7095 | D        | Got the +9 demon blade "Puxyn" {freeze, rF+}
  7127 | D        | Got the ring "Biblef" {rCorr Int+3}
  7129 | D        | Got the amulet of Hotreis {Reflect *Slow rN+++ Dex+4 SH+5
                  | Stlth+}
  7131 | D        | Got the ring of the Ego {*Corrode +Fly rF+ Will++}
  7133 | D        | Got the ring "Ironumac" {rC- MP+9 AC+4 Slay+2 Stlth+}
  7135 | D        | Got the ring "Xuebot" {rPois Str+8}
  7137 | D        | Got the ring "Pafrait" {rF+ MP+9 Int+3}
  7165 | D        | Got the ring "Dabuis" {rC+ rN+ rCorr}
  7167 | D        | Got the amulet of Agnosticism {Reflect Dex+4 SH+5}
  7338 | D        | Reached skill level 23 in Earth Magic
  7567 | D        | Got the +10 dagger of Jukkaleh {vorpal, Int+2 Dex+3}
  7659 | D        | Found the +3 robe of Clouds {+Thunder rCloud rElec}
  7713 | D        | Slain by Antaeus

Illustrated notes

Levels and vault maps discovered:
D:        pitsprint [storerooms_1, entrance_room_1, metal_vault_7, armoury_1,
          mini_pit_1, grid_room_1, main_hall_1, silver_pit, the_coven_3,
          the_vestibule_1, steel_vault_5, golden_pit, hallway_of_sentries,
          crystal_vault_2, iron_vault_5, final_vault]

Skill      XL: |  1  2  3  4  5  6  7  8  9 10 11 12 13 14 15 16 17 18 |
---------------+-------------------------------------------------------+-----
Earth Magic    | 6 10 11 12 13 14 15 16 17 19 20 22 23 | 23.5
Fighting       | 2 4 6 7 8 9 10 12 13 14 17 20 21 | 21.2
Dodging        | 3 5 6 7 9 10 11 12 13 15 17 18 21 22 | 22.1
Spellcasting   | 3 4 5 7 8 9 10 11 12 14 15 17 19 20 | 20.6
Invocations    | 2 5 6 8 9 10 11 12 13 | 13.6
Stealth        | 6 9 11 13 16 | 16.4
Conjurations   | 3 6 8 9 11 13 15 17 20 21 | 21.2
Transmutations | 4 6 8 9 11 13 | 13.1
Shields        | 4 7 9 12 14 15 | 15.3
Evocations     | 4 9 11 | 11.1
Fire Magic     | 7 11 15 17 | 17.3
Long Blades    | 7 |  7.9

Action                   |  1- 3 |  4- 6 |  7- 9 | 10-12 | 13-15 | 16-18 || total
-------------------------+-------+-------+-------+-------+-------+-------++-------
Melee: Unarmed           |    15 |     7 |       |       |       |       ||    22
       Tentacles         |     5 |     1 |       |     1 |       |     4 ||    11
       Constrict         |     3 |     2 |       |     1 |     4 |     2 ||    12
       Quarterstaff      |       |       |       |     4 |       |       ||     4
       Scimitar          |       |       |       |     2 |     6 |    17 ||    25
 Cast: Sandblast         |     7 |     1 |     3 |     1 |     1 |       ||    13
       Lee's Rapid Decon |       |     5 |    30 |    65 |   137 |    93 ||   330
       Stone Arrow       |       |       |     1 |       |       |       ||     1
       Petrify           |       |       |       |     1 |       |       ||     1
       Fire Storm        |       |       |       |     3 |     2 |    14 ||    19
       Statue Form       |       |       |       |     2 |    13 |    13 ||    28
       Lehudib's Crystal |       |       |       |       |     4 |     9 ||    13
       Iron Shot         |       |       |       |       |       |    17 ||    17
       Shatter           |       |       |       |       |       |     5 ||     5
       Blink             |       |       |       |       |       |     1 ||     1
       Orb of Destructio |       |       |       |       |       |     1 ||     1
Invok: Channel Magic     |       |     1 |     4 |    11 |    25 |    22 ||    63
       Divine Exegesis   |       |       |       |     3 |     6 |     3 ||    12
  Use: Potion            |     1 |     1 |     2 |     3 |     4 |     5 ||    16
       Scroll            |       |       |       |     1 |    11 |     7 ||    19
 Stab: Sleeping          |     1 |       |       |       |       |       ||     1
       Distracted        |       |       |       |     1 |       |       ||     1
Armor: Skin              |       |       |       |     6 |    39 |    66 ||   111
Dodge: Dodged            |     6 |     1 |    12 |    11 |    56 |    82 ||   168
Block: Kite shield       |       |       |       |     1 |    53 |   123 ||   177
       Reflection        |       |       |       |       |     5 |     8 ||    13
       Rpst.: Scimitar   |       |       |       |       |     9 |     9 ||    18

Table legend: (Time is in decaauts)
 A = Elapsed time spent in this place.
 B = Non-inter-level travel time spent in this place.
 C = Inter-level travel time spent in this place.
 D = Time resting spent in this place.
 E = Time spent auto-exploring this place.
 F = Levels seen in this place.
 G = Mean time per level.
                   A        B        C        D        E       F      G
               +--------+--------+--------+--------+--------+-----+--------+
         Total |   8315 |   8172 |    143 |   4351 |      0 |   1 | 8315.0 |
       Dungeon |   8315 |   8172 |    143 |   4351 |      0 |   1 | 8315.0 |
               +--------+--------+--------+--------+--------+-----+--------+

Top non-repeatable levels by time:
       D: 8315 daAuts
